 Dungeon Crawl Stone Soup version 0.28-a0-1184-g53156a8862 (webtiles) character file.

Game seed: 333224580181425600

512 septik the Cleaver (level 6, 0/51 HPs)
             Began as a Minotaur Berserker on Dec 17, 2021.
             Was a Believer of Trog.
             Succumbed to an orc's poison
             ... on level 4 of the Dungeon.
             The game lasted 00:03:12 (3657 turns).

septik the Cleaver (Minotaur Berserker)             Turns: 3657, Time: 00:03:12

Health: 0/51       AC:  7    Str: 23    XL:     6   Next: 99%
Magic:  5/5        EV: 12    Int:  4    God:    Trog [**....]
Gold:   198        SH:  0    Dex:  8    Spells: 5/5 levels left

rFire   . . .      SeeInvis .   n - +3 quarterstaff (chaos)
rCold   . . .      Faith    .   (shield currently unavailable)
rNeg    . . .      Spirit   .   b - +0 animal skin
rPois   .          Reflect  .   (helmet unavailable)
rElec   .          Harm     .   o - +0 cloak
rCorr   .          Rampage  .   (no gloves)
Will    .....                   (no boots)
Stlth   +.........              (no amulet)
HPRegen 0.17/turn               (no ring)
MPRegen 0.09/turn               (no ring)

@: lethally poisoned (0 -> -2), on berserk cooldown, hasted and slowed
A: horns 3, retaliatory headbutt, iridescent scales 2, clumsy 1
a: Renounce Religion, Berserk, Trog's Hand


You were on level 4 of the Dungeon.
You worshipped Trog.
Trog was pleased with you.
You visited 1 branch of the dungeon, and saw 4 of its levels.

You collected 198 gold pieces.

Inventory:

Hand Weapons
 a - a +0 hand axe
 n - a +3 quarterstaff of chaos (weapon)
Missiles
 e - 16 poisoned darts (quivered)
 g - 85 stones
Armour
 b - a +0 animal skin (worn)
 o - a +0 cloak (worn)
Jewellery
 c - a ring of positive energy
 d - a ring of willpower
 f - a +6 ring of strength
Wands
 l - a wand of flame (12)
 s - a wand of polymorph (7)
Scrolls
 h - 2 scrolls of teleportation {unknown}
 i - a scroll of amnesia {unknown}
 k - a scroll of identify {unknown}
 p - a scroll of noise {unknown}
Potions
 q - a potion of berserk rage {unknown}
 r - a potion of curing {unknown}
 t - a potion of brilliance {unknown}


   Skills:
 - Level 3.6 Fighting
 + Level 9.6 Axes
 - Level 2.4 Armour
 - Level 2.1 Dodging


You had 5 spell levels left.
You didn't know any spells.
Your spell library was empty.

Dungeon Overview and Level Annotations

Branches:
Dungeon (4/15)
 Temple: D:4-7

Altars:
Hepliaklqana
Kikubaaqudgha
Wu Jian


Innate Abilities, Weirdness & Mutations

You have a pair of large horns on your head.
You reflexively headbutt those who attack you in melee.
You are mostly covered in iridescent scales. (AC +4)
You are clumsy. (Dex -2)


Message History

Unknown command.
No target in view!
Unknown command.
No target in view!
You barely miss something. Your headbutt misses something.
You feel very sick. Something hits you.
You barely miss something.
You feel very sick. Something hits you.
You closely miss something. Your headbutt misses something.
You feel very sick. Something hits you but does no damage.
You miss something.
You are no longer berserk.
You are exhausted.
You feel yourself slow down.
You feel sick.
You hear some strange, mumbled words.
A magic dart appears from out of thin air!
The magic dart hits you.
You closely miss something. Your headbutt misses something.
You feel very sick. Something hits you but does no damage. Something hits you.
* * * LOW HITPOINT WARNING * * *
It was a potion of mutation.
You feel extremely strange.
Iridescent scales grow over part of your body.
You feel clumsy.
Iridescent scales spread over more of your body.
The horns on your head grow some more.
You feel sick. Something hits you but does no damage.
You closely miss something. Your headbutt misses something.
You feel sick.
You hear some strange, mumbled words.
A puff of flame appears from out of thin air!
The puff of flame hits you.
* * * LOW HITPOINT WARNING * * *
Something hits you.
* * * LOW HITPOINT WARNING * * *
It was a potion of haste.
You feel yourself speed up.
You die...

+........#
#........#
#........#
#[...#.#.#
#........#
##....#.#.#####
......){).....#
......)@......+
.
####.###'###+##.
# #......... #
#......... #
#......:.. #
#......... #
#......... #
#..≈≈≈≈§≈≈
#######
##..≈§.§...


There were no monsters in sight!

Vanquished Creatures
  Grinder (D:3)
  An ogre (D:4)
  Crazy Yiuf (D:2)
  Jessica (D:2)
  Ijyb (D:3)
  2 orc wizards
  An iguana (D:4)
  A worm (D:2)
  2 dart slugs
  9 orcs
  5 ball pythons
  5 bats
  4 endoplasms
  2 giant cockroaches (D:3)
  5 goblins
  4 hobgoblins
  6 kobolds
  5 quokkas
  5 frilled lizards
  4 rats
65 creatures vanquished.

Notes
Turn   | Place    | Note
-------+----------+-------------------------------------------
     0 | D:1      | septik the Minotaur Berserker began the quest for the Orb.
     0 | D:1      | Reached XP level 1. HP: 19/19 MP: 0/0
    68 | D:1      | Reached skill level 4 in Axes
   191 | D:1      | Reached XP level 2. HP: 12/26 MP: 1/1
   974 | D:2      | Reached skill level 5 in Axes
  1081 | D:2      | Reached XP level 3. HP: 20/31 MP: 2/2
  1298 | D:2      | Found a hazy altar of Hepliaklqana.
  1319 | D:2      | Noticed Jessica
  1325 | D:2      | Killed Jessica
  1772 | D:2      | Reached XP level 4. HP: 35/39 MP: 3/3
  1803 | D:2      | Reached skill level 6 in Axes
  2044 | D:2      | Found a faded altar of an unknown god.
  2321 | D:2      | Found a runed translucent door.
  2322 | D:2      | Noticed Crazy Yiuf
  2329 | D:2      | Killed Crazy Yiuf
  2859 | D:3      | Reached ** piety under Trog
  3052 | D:3      | Reached XP level 5. HP: 41/45 MP: 4/4
  3077 | D:3      | Found an ornate altar of the Wu Jian Council.
  3077 | D:3      | Noticed Grinder
  3080 | D:3      | Paralysed by Grinder for 3 turns
  3087 | D:3      | Killed Grinder
  3088 | D:3      | Reached skill level 8 in Axes
  3088 | D:3      | Reached XP level 6. HP: 51/51 MP: 5/5
  3425 | D:3      | Noticed Ijyb
  3434 | D:3      | Killed Ijyb
  3620 | D:4      | Found an ancient bone altar of Kikubaaqudgha.
  3644 | D:4      | Reached skill level 9 in Axes
  3655 | D:4      | Gained mutation: You are partially covered in iridescent
                  | scales. (AC +2) [potion of mutation]
  3655 | D:4      | Gained mutation: You are clumsy. (Dex -2) [potion of
                  | mutation]
  3655 | D:4      | Gained mutation: You are mostly covered in iridescent
                  | scales. (AC +4) [potion of mutation]
  3655 | D:4      | Gained mutation: You have a pair of large horns on your
                  | head. [potion of mutation]
  3656 | D:4      | HP: 2/51 [something/puff of flame (5)]
  3657 | D:4      | Succumbed to an orc's poison

Illustrated notes

Levels and vault maps discovered:
D:1:      wander_arrival_abandoned_jail, layout_loops_ring
D:2:      minmay_door_path, layout_basic, basic_altar,
          shapermc_ecumenical_altar_petra, uniq_crazy_yiuf_cottage, uniq_jessica
D:3:      layout_loops_ring, nicolae_wu_jian_wuxing_cycle, uniq_ijyb,
          uniq_grinder
D:4:      layout_gridville, mainiacjoe_overflow_concentric_impassable,
          serial_glass, glass_columns_b, glass_columns_a, glass_columns_a,
          glass_columns_b, glass_columns_a, glass_columns_c, glass_columns_b,
          glass_columns_b

Skill      XL: |  1  2  3  4  5  6 |
---------------+-------------------+-----
Axes           | 4 5 6 8 9 |  9.6
Fighting       | |  3.6
Armour         | |  2.4
Dodging        | |  2.1

Action                   |  1- 3 |  4- 6 || total
-------------------------+-------+-------++-------
Melee: Hand axe          |    59 |    10 ||    69
       Headbutt          |     6 |     9 ||    15
       Quarterstaff      |       |    53 ||    53
       Unarmed           |       |     4 ||     4
Invok: Berserk           |     2 |     4 ||     6
  Use: Potion            |       |     2 ||     2
Armor: Animal skin       |    19 |    14 ||    33
Dodge: Dodged            |    40 |    36 ||    76

Table legend: (Time is in decaauts)
 A = Elapsed time spent in this place.
 B = Non-inter-level travel time spent in this place.
 C = Inter-level travel time spent in this place.
 D = Time resting spent in this place.
 E = Time spent auto-exploring this place.
 F = Levels seen in this place.
 G = Mean time per level.
                   A        B        C        D        E       F      G
               +--------+--------+--------+--------+--------+-----+--------+
         Total |   3711 |   3531 |    180 |    621 |   2517 |   4 |  927.8 |
       Dungeon |   3711 |   3531 |    180 |    621 |   2517 |   4 |  927.8 |
               +--------+--------+--------+--------+--------+-----+--------+

Top non-repeatable levels by time:
     D:2: 1535 daAuts
     D:3: 1142 daAuts
     D:1: 964 daAuts
     D:4: 69 daAuts
